 Dungeon Crawl Stone Soup version 0.21.0-26-g889b8f6 (webtiles) character file.

9215 turnburgler the Spear-Bearer (level 11, -1/92 HPs)
             Began as a Black Draconian Skald on Jan 27, 2018.
             Was a High Priest of Elyvilon.
             Hit by a large rock thrown by a cyclops (36 damage)
             ... on level 11 of the Dungeon.
             The game lasted 00:40:09 (9792 turns).

turnburgler the Spear-Bearer (DrSk)                 Turns: 9792, Time: 00:40:10

Health: -1/92      AC: 12    Str: 19    XL:     11   Next: 20%
Magic:  2/6        EV: 15    Int: 13    God:    Elyvilon [*****.]
Gold:   669        SH:  8    Dex: 11    Spells: 13/22 levels left

rFire    . . .     SeeInvis .   B - +12 spear "Kotaer" {antimagic, MR+}
rCold    . . .     Gourm    .   F - +2 buckler
rNeg     . . .     Faith    .   (armour unavailable)
rPois    .         Spirit   .   v - +2 hat
rElec    +         Reflect  .   x - +1 cloak
rCorr    .         Harm     .   a - +0 pair of gloves
MR       +....                  (no boots)
Stlth    +.........             (no amulet)
HPRegen  0.25/turn              h - ring of wizardry
MPRegen  0.10/turn              K - +2 ring of strength

@: no status effects
A: breathe lightning, unfitting armour, electricity resistance, cold-blooded, AC
+7
a: Breathe Lightning, Lesser Healing, Heal Other, Purification, Greater Healing,
Divine Vigour, Divine Protection, Renounce Religion


You were on level 11 of the Dungeon.
You worshipped Elyvilon.
Elyvilon was extremely pleased with you.
You were not hungry.

You visited 1 branch of the dungeon, and saw 11 of its levels.

You collected 669 gold pieces.

Inventory:

Hand Weapons
 j - a +0 hunting sling
 B - the +12 spear "Kotaer" (weapon) {antimagic, MR+}
   (You found it on level 5 of the Dungeon)

   It reduces the magical energy of the wielder, and disrupts the spells and
   magical abilities of those hit.
   Natural abilities and divine invocations are not affected.
   It affects your resistance to hostile enchantments.
Missiles
 f - 249 stones
 i - 3 javelins (quivered)
 l - 7 javelins of penetration
 n - 127 arrows
 p - 111 sling bullets
 E - 2 tomahawks of returning
 I - 4 curare-tipped needles
Armour
 a - a +0 pair of gloves (worn)
 v - a +2 hat (worn)
 x - a +1 cloak (worn)
 F - a +2 buckler (worn)
Jewellery
 h - a ring of wizardry (left hand)
 K - a +2 ring of strength (right hand)
 N - a cursed ring of loudness {unknown}
Wands
 b - a wand of paralysis (9)
 s - a wand of iceblast (6)
 y - a wand of scattershot (4)
 C - a wand of digging (15)
Scrolls
 e - 6 scrolls of fog
 g - 7 scrolls of identify
 o - 2 scrolls of teleportation
 w - 2 scrolls of random uselessness {unknown}
 z - 4 scrolls of noise
 D - 5 scrolls of remove curse
 H - 3 scrolls of amnesia {unknown}
 J - 5 scrolls of enchant armour
Potions
 d - 2 potions of ambrosia
 k - a potion of magic {unknown}
 m - 2 potions of degeneration {unknown}
 q - 2 potions of flight
 t - a potion of curing
 u - a potion of berserk rage
 M - a potion of heal wounds
Books
 r - a book of Misfortune

   Spells                             Type                      Level
   a - Confusing Touch                Hexes                        1
   b - Confuse                        Hexes                        3
   c - Gell's Gravitas                Translocation                3
   d - Petrify                        Transmutation/Earth          4
   e - Metabolic Englaciation         Hexes/Ice                    5
   f - Yara's Violent Unravelling     Hexes/Transmutation          5
 L - a book of Battle

   Spells                             Type                      Level
   a - Infusion                       Charms                       1
   b - Shroud of Golubria             Charms/Translocation         2
   c - Song of Slaying                Charms                       2
   d - Spectral Weapon                Hexes/Charms                 3
   e - Regeneration                   Charms/Necromancy            3
Comestibles
 c - 23 rations
 G - 4 chunks of flesh


   Skills:
 + Level 7.3 Fighting
 * Level 9.2 Polearms
 + Level 6.2 Dodging
 * Level 8.2 Shields
 + Level 6.2 Spellcasting
 - Level 5.0 Charms
 - Level 4.0 Invocations


You had 13 spell levels left.
You knew the following spells:

 Your Spells              Type           Power        Failure   Level  Hunger
a - Infusion              Chrm           ###.         1%          1    None
b - Regeneration          Chrm/Necr      ##........   8%          3    ###....
c - Spectral Weapon       Hex/Chrm       ##......     8%          3    ###....
d - Song of Slaying       Chrm           ###.....     1%          2    #......


Dungeon Overview and Level Annotations

Branches:
Dungeon (11/15)            Temple (0/1) D:5
   Lair: D:8-11         Orc: D:9-12

Altars:
Ashenzari
Cheibriados
Dithmenos
Elyvilon
Hepliaklqana
Kikubaaqudgha
Okawaru
Ru
Sif Muna
Vehumet
Wu Jian
Yredelemnul
The Shining One

Shops:
D:4 =


Innate Abilities, Weirdness & Mutations

You can breathe wild blasts of lightning.
Your glossy black scales are hard. (AC +7)
You cannot fit into any form of body armour.
You are resistant to electric shocks. (rElec)
You are cold-blooded and may be slowed by cold attacks.


Message History

a dagger; a scale mail; a club; a hell hound corpse
Casting: Spectral Weapon
Confirm with . or Enter, or press ? or * to list all spells.
Your spectral weapon fades away.
You draw out your weapon's spirit!
An orc comes into view. It is wielding a mace.
The orc shouts!
Items here: %% )))) ? [[[[ †
Things that are here:
a flail; a chain mail
Things that are here:
a hand axe; a hound corpse; an orc corpse You puncture the orc!
You kill the orc!
You start resting.
Eating one of 5 chunks of flesh.
You eat one of the 5 chunks of flesh.
This raw flesh tastes terrible.
The cyclops throws a large rock.
The large rock barely misses your spectral weapon.
The large rock hits you!!!
You die...

### ..# #.# #.# #####
#.# ...# #@# #
#.####(###.##
#.)))))))...#
###(####.###.##
...........C.## #
###...........#
#.###.#####.#########
# #.# #.........#
#....>.########.#


You could see a cyclops and a friendly spectral spear "Kotaer" {antimagic, MR+}.

Vanquished Creatures
  A two-headed ogre (D:10)
  Urug (D:10)
  Nergalle (D:10)
  A manticore (D:11)
  An ugly thing (D:11)
  Maurice (D:9)
  A gargoyle (D:10)
  The ghost of nikopol the Shield-Bearer, a novice GrFi of Okawaru (D:5)
  3 hippogriffs
  2 wyverns
  Grum (D:10)
  2 hungry ghosts
  2 hell hounds (D:11)
  3 ice beasts
  6 orc warriors
  3 sky beasts
  An ogre (D:5)
  4 wolves (D:10)
  3 centaurs
  2 necrophages
  A big kobold (D:10)
  2 scorpions
  8 wights
  3 howler monkeys
  2 bullfrog zombies
  A centaur zombie (D:9)
  9 orc priests
  Crazy Yiuf (D:2)
  2 bullfrog skeletons
  6 hounds
  3 jellies
  3 iguanas
  Ijyb (D:3)
  Jessica (D:2)
  2 centaur skeletons (D:6)
  Natasha (thrice) (D:2)
  Terence (D:2)
  11 orc wizards
  4 worker ants
  A hound zombie (D:11)
  2 worker ant zombies
  3 gnolls (D:8)
  14 adders
  A shadow imp (D:5)
  An adder zombie (D:5)
  An adder skeleton (D:8)
  7 worms
  2 dart slugs (D:1)
  6 leopard geckos
  46 orcs
  5 ball pythons
  2 bat zombies (D:2)
  A giant cockroach (D:3)
  2 goblins
  9 hobgoblins
  13 jackals
  7 quokkas
  9 bats
  4 frilled lizards
  A jackal skeleton (D:8)
  11 kobolds
  A leopard gecko skeleton (D:8)
  A quokka skeleton (D:9)
  8 rats
  A rat zombie (D:2)
263 creatures vanquished.

Vanquished Creatures (others)
  5 spectral weapons
5 creatures vanquished.

Grand Total: 268 creatures vanquished

Notes
Turn   | Place    | Note
-------+----------+-------------------------------------------
     0 | D:1      | turnburgler the Draconian Skald began the quest for the Orb.
     0 | D:1      | Reached XP level 1. HP: 17/17 MP: 3/3
    65 | D:1      | Reached XP level 2. HP: 9/25 MP: 5/5
   484 | D:1      | Reached XP level 3. HP: 29/30 MP: 6/6
   799 | D:2      | Noticed Terence
   814 | D:2      | Killed Terence
   924 | D:2      | Reached skill level 3 in Polearms
   924 | D:2      | Reached XP level 4. HP: 27/37 MP: 7/7
  1599 | D:2      | Noticed Jessica
  1603 | D:2      | Killed Jessica
  1603 | D:2      | Reached XP level 5. HP: 23/45 MP: 8/8
  1687 | D:2      | Noticed Natasha
  1691 | D:2      | Killed Natasha
  1804 | D:2      | Noticed Natasha
  1807 | D:2      | Killed Natasha
  1949 | D:2      | Noticed Natasha
  1959 | D:2      | Killed Natasha
  2106 | D:2      | Found an ancient bone altar of Kikubaaqudgha.
  2244 | D:2      | Found a runed door.
  2248 | D:2      | Noticed Crazy Yiuf
  2258 | D:2      | HP: 1/45 [Crazy Yiuf/quarterstaff of chaos (5)]
  2263 | D:2      | Killed Crazy Yiuf
  2665 | D:3      | Noticed Ijyb
  2675 | D:3      | Reached skill level 4 in Polearms
  2675 | D:3      | Reached XP level 6. HP: 50/51 MP: 10/10
  2680 | D:3      | Killed Ijyb
  2742 | D:3      | Learned a level 3 spell: Regeneration
  2746 | D:3      | Learned a level 3 spell: Spectral Weapon
  2749 | D:3      | Learned a level 2 spell: Song of Slaying
  2855 | D:3      | Found a shattered altar of Ashenzari.
  3019 | D:3      | Found an ornate altar of the Wu Jian Council.
  3088 | D:3      | Found a glowing golden altar of the Shining One.
  3088 | D:3      | Found a hazy altar of Hepliaklqana.
  3230 | D:4      | Found Japnukha's Jewellery Emporium.
  3230 | D:4      | Found a shadowy altar of Dithmenos.
  3633 | D:4      | Found a basalt altar of Yredelemnul.
  3779 | D:4      | Found a faded altar of an unknown god.
  3779 | D:4      | Found a white marble altar of Elyvilon.
  3801 | D:4      | Found a radiant altar of Vehumet.
  3808 | D:4      | Found a shattered altar of Ashenzari.
  3809 | D:4      | Found an iron altar of Okawaru.
  3823 | D:4      | Became a worshipper of Elyvilon the Healer
  3911 | D:5      | Entered Level 5 of the Dungeon
  3913 | D:5      | Noticed nikopol's ghost (novice GrFi)
  3957 | D:5      | Killed nikopol's ghost
  3957 | D:5      | Reached skill level 1 in Shields
  3957 | D:5      | Your scales start taking on a glossy black colour.
  3957 | D:5      | Reached XP level 7. HP: 22/59 MP: 8/12
  3957 | D:5      | Gained mutation: You are resistant to electric shocks. (rElec) [Black Draconian growth]
  4475 | D:5      | Got a shimmering spear
  4476 | D:5      | Identified the +12 spear "Kotaer" {antimagic, MR+} (You found it on level 5 of the Dungeon)
  4601 | D:5      | Reached * piety under Elyvilon
  4834 | D:5      | Found a staircase to the Ecumenical Temple.
  5211 | D:6      | Reached skill level 5 in Polearms
  5211 | D:6      | Reached XP level 8. HP: 34/67 MP: 4/13
  5478 | D:6      | Reached ** piety under Elyvilon
  5663 | D:6      | Found a deep blue altar of Sif Muna.
  5950 | D:7      | Noticed a hippogriff
  5957 | D:7      | Killed a hippogriff
  5957 | D:7      | Reached skill level 5 in Fighting
  5992 | D:7      | Noticed a hippogriff
  5997 | D:7      | Reached skill level 6 in Polearms
  6002 | D:7      | Killed a hippogriff
  6030 | D:7      | Reached XP level 9. HP: 50/74 MP: 5/15
  6160 | D:7      | Reached *** piety under Elyvilon
  6177 | D:7      | Reached skill level 5 in Charms
  6317 | D:7      | Found a snail-covered altar of Cheibriados.
  6574 | D:7      | Found a sacrificial altar of Ru.
  6750 | D:8      | Reached skill level 5 in Shields
  6820 | D:8      | Found a shattered altar of Ashenzari.
  7225 | D:9      | Reached skill level 7 in Polearms
  7225 | D:9      | Reached skill level 5 in Dodging
  7459 | D:9      | Reached skill level 5 in Spellcasting
  7560 | D:9      | Reached skill level 1 in Invocations
  7592 | D:9      | Found an ornate altar of the Wu Jian Council.
  7744 | D:9      | Reached **** piety under Elyvilon
  7962 | D:9      | Noticed Maurice
  7989 | D:9      | Paralysed by something for 6 turns
  8016 | D:9      | Killed Maurice
  8016 | D:9      | Reached XP level 10. HP: 76/83 MP: 0/17
  8153 | D:10     | Entered Level 10 of the Dungeon
  8366 | D:10     | Noticed Urug
  8391 | D:10     | HP: 2/83 [Urug/war axe of chopping (5)]
  8393 | D:10     | Killed Urug
  8393 | D:10     | Reached skill level 8 in Polearms
  8804 | D:10     | Noticed a gargoyle
  8817 | D:10     | Killed a gargoyle
  9017 | D:10     | Noticed Nergalle
  9034 | D:10     | Killed Nergalle
  9067 | D:10     | Noticed a two-headed ogre
  9085 | D:10     | Killed a two-headed ogre
  9249 | D:10     | Noticed Grum
  9263 | D:10     | Killed Grum
  9599 | D:11     | Noticed a manticore
  9604 | D:11     | Reached XP level 11. HP: 92/92 MP: 6/20
  9615 | D:11     | Reached skill level 9 in Polearms
  9635 | D:11     | Noticed a cyan ugly thing
  9645 | D:11     | Killed a cyan ugly thing
  9770 | D:11     | Reached ***** piety under Elyvilon
  9792 | D:11     | Hit by a large rock thrown by a cyclops

Skill      XL: |  1  2  3  4  5  6  7  8  9 10 11 |
---------------+----------------------------------+-----
Charms         | 3 4 5 |  5.0
Polearms       | 3 4 5 6 7 8 9 |  9.2
Fighting       | 3 4 5 6 7 |  7.3
Dodging        | 3 4 5 6 |  6.2
Spellcasting   | 3 4 5 6 |  6.2
Shields        | 1 2 4 6 7 8 |  8.2
Invocations    | 1 3 4 |  4.0

Action                   |  1- 3 |  4- 6 |  7- 9 | 10-12 || total
-------------------------+-------+-------+-------+-------++-------
Melee: Spear             |   128 |    84 |   403 |   268 ||   883
       Tailslap          |     8 |    23 |    40 |    27 ||    98
       Quarterstaff      |       |   121 |       |       ||   121
 Fire: Hunting sling     |       |    81 |       |       ||    81
Throw: Javelin           |     5 |       |       |       ||     5
 Cast: Infusion          |     1 |       |     2 |     1 ||     4
       Spectral Weapon   |       |     3 |     2 |     5 ||    10
Invok: Lesser Healing    |       |       |     2 |     1 ||     3
  Use: Scroll            |       |     4 |     4 |       ||     8
       Potion            |       |     2 |     6 |     3 ||    11
 Stab: Sleeping          |       |     1 |     2 |     1 ||     4
       Distracted        |       |       |     1 |     1 ||     2
  Eat: Chunk             |       |    10 |    15 |     9 ||    34
Armor: Skin              |    28 |    94 |    86 |    27 ||   235
Dodge: Dodged            |    80 |   169 |   140 |    71 ||   460
Block: Buckler           |       |     5 |    78 |    42 ||   125
